3AAA
PORT ROYAL DISASTER @ ALASKAN HUMPBACKS
07/11/2033
 
TOP OF THE 1ST
Port Royal Disaster batting - Pitching for Alaskan Humpbacks : RHP Laurel Yanny
Pitching: RHP Laurel Yanny
Batting: RHB Loren Stallings 0-0: TRIPLE (Line Drive, 78XD)
Batting: RHB Richard Cutshall 0-0: Swinging Strike
0-1: Swinging Strike
0-2: Ball
1-2: SINGLE (Groundball, 6MD)
Loren Stallings scores
Batting: LHB Vicente Gonzáles 0-0: Called Strike
Pickoff Throw to First - Out!
0-1: Ball
1-1: Swinging Strike
1-2: Ground out 6-3 (Groundball, 6M)
Batting: SHB Jasper Morrison 0-0: Ball
1-0: Ball
2-0: Ball
3-0: Base on Balls
Batting: RHB Michael Brannon 0-0: Ball
1-0: Called Strike
1-1: Called Strike
1-2: Strikes out swinging
Top of the 1st over - 1 run, 2 hits, 0 errors, 1 left on base; Port Royal 1 - Alaskan 0
BOTTOM OF THE 1ST
Alaskan Humpbacks batting - Pitching for Port Royal Disaster : LHP Cisco Cazares
Pitching: LHP Cisco Cazares
Batting: LHB Dallas Ihde 0-0: Called Strike
0-1: Foul Ball, location: 2F
0-2: Strikes out swinging
Batting: RHB Jorge Flores 0-0: Fly out, F9 (Flyball, 9S)
Batting: RHB Jesús Torres 0-0: Called Strike
0-1: Foul Ball, location: 2F
0-2: Ball
1-2: Ball
2-2: SINGLE (Groundball, 56D)
Batting: LHB Kanko Umaba 0-0: Ball
1-0: Foul Ball, location: 2F
1-1: Foul Ball, location: 2F
1-2: Ball
2-2: Fly out, F7 (Flyball, 7LM)
Bottom of the 1st over - 0 runs, 1 hit, 0 errors, 1 left on base; Port Royal 1 - Alaskan 0
TOP OF THE 2ND
Port Royal Disaster batting - Pitching for Alaskan Humpbacks : RHP Laurel Yanny
Batting: RHB Rafael Arredondo 0-0: Ball
1-0: Called Strike
1-1: Ball
2-1: Foul Ball, location: 2F
2-2: Foul Ball, location: 2F
2-2: Foul Ball, location: 2F
2-2: Fly out, F6 (Popup, 6M)
Batting: RHB Gary Chalmers 0-0: Ball
1-0: Ball
2-0: Ball
3-0: Base on Balls
Batting: RHB Steve Bock 0-0: Ball
1-0: Called Strike
1-1: Foul Ball, location: 2F
1-2: Foul Ball, location: 2F
1-2: Strikes out swinging
Batting: RHB Wes Shannon 0-0: Called Strike
0-1: Foul Ball, location: 2F
0-2: Ball
1-2: Ground out 5-3 (Groundball, 56S)
Top of the 2nd over - 0 runs, 0 hits, 0 errors, 1 left on base; Port Royal 1 - Alaskan 0
BOTTOM OF THE 2ND
Alaskan Humpbacks batting - Pitching for Port Royal Disaster : LHP Cisco Cazares
Batting: RHB Sigi Lang 0-0: Ball
1-0: Swinging Strike
1-1: Fly out, F9 (Flyball, 89D)
Batting: RHB Jimbob Ghostkeeper 0-0: Ball
1-0: Swinging Strike
1-1: Ball
2-1: Ball
3-1: Fly out, F7 (Flyball, 7LSF)
Batting: RHB Doug Allerdale 0-0: Called Strike
0-1: Ground out 5-3 (Groundball, 5L)
Bottom of the 2nd over - 0 runs, 0 hits, 0 errors, 0 left on base; Port Royal 1 - Alaskan 0
TOP OF THE 3RD
Port Royal Disaster batting - Pitching for Alaskan Humpbacks : RHP Laurel Yanny
Batting: RHB Loren Stallings 0-0: Swinging Strike
0-1: Ball
1-1: Foul Ball, location: 2F
1-2: Ground out 4-3 (Groundball, 4)
Batting: RHB Richard Cutshall 0-0: Called Strike
0-1: Ball
1-1: Ball
2-1: Ball
3-1: Base on Balls
Batting: LHB Vicente Gonzáles 0-0: Ball
1-0: Ball
2-0: Called Strike
2-1: Swinging Strike
2-2: Strikes out looking
Batting: SHB Jasper Morrison 0-0: Called Strike
0-1: Fly out, F8 (Line Drive, 89D)
Top of the 3rd over - 0 runs, 0 hits, 0 errors, 1 left on base; Port Royal 1 - Alaskan 0
BOTTOM OF THE 3RD
Alaskan Humpbacks batting - Pitching for Port Royal Disaster : LHP Cisco Cazares
Batting: LHB Gabriel Amezquita 0-0: Ball
1-0: SINGLE (Line Drive, 4D)
Batting: RHB Erik Sterk 0-0: Foul Ball, location: 2F
0-1: Swinging Strike
0-2: Ball
1-2: Strikes out swinging
Batting: LHB Dallas Ihde 0-0: SINGLE (Groundball, 3D)
Gabriel Amezquita to second
Runner from 2nd tries for 3rd, SAFE, no throw
Batting: RHB Jorge Flores 0-0: Ball
Dallas Ihde is caught stealing 2nd base
1-0: Ball
2-0: Ground out 5-3 (Groundball, 56S)
Bottom of the 3rd over - 0 runs, 2 hits, 0 errors, 1 left on base; Port Royal 1 - Alaskan 0
TOP OF THE 4TH
Port Royal Disaster batting - Pitching for Alaskan Humpbacks : RHP Laurel Yanny
Batting: RHB Michael Brannon 0-0: Ball
1-0: Swinging Strike
1-1: Foul Ball, location: 2F
1-2: Foul Ball, location: 2F
1-2: Ground out 4-3 (Groundball, 4)
Batting: RHB Rafael Arredondo 0-0: Ball
1-0: Fly out, F7 (Flyball, 7LDF)
Batting: RHB Gary Chalmers 0-0: Foul Ball, location: 2F
0-1: Foul Ball, location: 2F
0-2: Ball
1-2: Ball
2-2: Ball
3-2: Foul Ball, location: 2F
3-2: Strikes out looking
Top of the 4th over - 0 runs, 0 hits, 0 errors, 0 left on base; Port Royal 1 - Alaskan 0
BOTTOM OF THE 4TH
Alaskan Humpbacks batting - Pitching for Port Royal Disaster : LHP Cisco Cazares
Batting: RHB Jesús Torres 0-0: Ball
1-0: Called Strike
1-1: Ball
2-1: Foul Ball, location: 2F
2-2: Ground out 6-3 (Groundball, 6)
Batting: LHB Kanko Umaba 0-0: Called Strike
0-1: Ball
1-1: Foul Ball, location: 2F
1-2: Ground out 6-3 (Groundball, 6)
Batting: RHB Sigi Lang 0-0: Called Strike
0-1: Called Strike
0-2: Foul Ball, location: 2F
0-2: Ball
1-2: Fly out, F7 (Line Drive, 78M)
Bottom of the 4th over - 0 runs, 0 hits, 0 errors, 0 left on base; Port Royal 1 - Alaskan 0
TOP OF THE 5TH
Port Royal Disaster batting - Pitching for Alaskan Humpbacks : RHP Laurel Yanny
Batting: RHB Steve Bock 0-0: Called Strike
0-1: Ball
1-1: Fly out, F4 (Line Drive, 4)
Batting: RHB Wes Shannon 0-0: Ball
1-0: Foul Ball, location: 2F
1-1: Foul Ball, location: 2F
1-2: Ball
2-2: Ball
3-2: Foul Ball, location: 2F
3-2: Ground out 5-3 (Groundball, 56)
Batting: RHB Loren Stallings 0-0: Ball
1-0: Called Strike
1-1: DOUBLE (Line Drive, 8RD)
Pitching: RHP Sima Babic
Batting: RHB Richard Cutshall 0-0: Ball
1-0: Foul Ball, location: 2F
1-1: Swinging Strike
1-2: Foul Ball, location: 2F
1-2: Strikes out swinging
Top of the 5th over - 0 runs, 1 hit, 0 errors, 1 left on base; Port Royal 1 - Alaskan 0
BOTTOM OF THE 5TH
Alaskan Humpbacks batting - Pitching for Port Royal Disaster : LHP Cisco Cazares
Batting: RHB Jimbob Ghostkeeper 0-0: Ball
1-0: Fly out, F7 (Flyball, 7D)
Batting: RHB Doug Allerdale 0-0: Ball
1-0: Ball
2-0: Called Strike
2-1: Ball
3-1: Base on Balls
Batting: LHB Gabriel Amezquita 0-0: Ball
1-0: Ball
2-0: Fly out, F8 (Flyball, 8RS)
Batting: RHB Erik Sterk 0-0: Fly out, F8 (Line Drive, 8RM)
Bottom of the 5th over - 0 runs, 0 hits, 0 errors, 1 left on base; Port Royal 1 - Alaskan 0
TOP OF THE 6TH
Port Royal Disaster batting - Pitching for Alaskan Humpbacks : RHP Sima Babic
Batting: LHB Vicente Gonzáles 0-0: Called Strike
0-1: Fly out, F9 (Flyball, 9S)
Batting: SHB Jasper Morrison 0-0: Ball
1-0: Called Strike
1-1: Ball
2-1: Ball
3-1: Fly out, F2 (Popup, 2RF)
Batting: RHB Michael Brannon 0-0: Ball
1-0: Ball
2-0: Foul Ball, location: 2F
2-1: Foul Ball, location: 2F
2-2: SINGLE (Groundball, 6D)
Batting: RHB Rafael Arredondo 0-0: Foul Ball, location: 2F
0-1: Ball
1-1: Ground out 5-3 (Groundball, 25)
Top of the 6th over - 0 runs, 1 hit, 0 errors, 1 left on base; Port Royal 1 - Alaskan 0
BOTTOM OF THE 6TH
Alaskan Humpbacks batting - Pitching for Port Royal Disaster : LHP Cisco Cazares
Batting: LHB Dallas Ihde 0-0: Ball
1-0: Called Strike
1-1: Called Strike
1-2: Ball
2-2: Ball
3-2: Base on Balls
Batting: RHB Jorge Flores 0-0: Bunt missed!
0-1: Ball
1-1: Sac Bunt - play at first, batter OUT! U3
Dallas Ihde to second
Batting: RHB Jesús Torres 0-0: Ball
1-0: Ball
2-0: DOUBLE (Groundball, 5L)
Dallas Ihde scores
Batting: LHB Kanko Umaba 0-0: Intentional Walk
Batting: RHB Sigi Lang 0-0: Called Strike
Throwing error on steal attempt, E2
Jesús Torres scores
Kanko Umaba to third
0-1: Ball
1-1: Foul Ball, location: 2F
1-2: Foul Ball, location: 2F
1-2: Ground out 6-3 (Groundball, 6)
Batting: RHB Jimbob Ghostkeeper 0-0: Ball
1-0: Foul Ball, location: 2F
1-1: Foul Ball, location: 2F
1-2: Ball
2-2: Reached on error, E4 (Groundball, 4)
Kanko Umaba scores
Batting: RHB Doug Allerdale 0-0: Called Strike
0-1: SINGLE (Line Drive, 4MD)
Jimbob Ghostkeeper to second
Batting: LHB Gabriel Amezquita 0-0: Ball
1-0: Ball
2-0: Called Strike
2-1: Called Strike
2-2: Hit by Pitch
Jimbob Ghostkeeper to third
Doug Allerdale to second
Batting: RHB Erik Sterk 0-0: Foul Ball, location: 2F
0-1: Swinging Strike
0-2: Ball
1-2: Ball
2-2: Foul Ball, location: 2F
2-2: Ground out 4-3 (Groundball, 4)
Bottom of the 6th over - 3 runs, 2 hits, 2 errors, 3 left on base; Port Royal 1 - Alaskan 3
TOP OF THE 7TH
Port Royal Disaster batting - Pitching for Alaskan Humpbacks : RHP Sima Babic
Batting: RHB Gary Chalmers 0-0: Called Strike
0-1: Foul Ball, location: 2F
0-2: Strikes out swinging
Batting: RHB Steve Bock 0-0: Called Strike
0-1: Ball
1-1: Foul Ball, location: 2F
1-2: Strikes out looking
Batting: RHB Wes Shannon 0-0: Called Strike
0-1: Ball
1-1: Fly out, F7 (Flyball, 7LS)
Top of the 7th over - 0 runs, 0 hits, 0 errors, 0 left on base; Port Royal 1 - Alaskan 3
BOTTOM OF THE 7TH
Alaskan Humpbacks batting - Pitching for Port Royal Disaster : LHP Cisco Cazares
Pitching: RHP Miguel Hernández
Batting: LHB Dallas Ihde 0-0: Foul Ball, location: 2F
0-1: Foul Ball, location: 2F
0-2: Ball
1-2: Fly out, F7 (Flyball, 7LSF)
Batting: RHB Jorge Flores 0-0: Called Strike
0-1: Ball
1-1: Ball
2-1: Ground out 4-3 (Groundball, 4S)
Batting: RHB Jesús Torres 0-0: Ground out 4-3 (Groundball, 4)
Bottom of the 7th over - 0 runs, 0 hits, 0 errors, 0 left on base; Port Royal 1 - Alaskan 3
TOP OF THE 8TH
Port Royal Disaster batting - Pitching for Alaskan Humpbacks : RHP Sima Babic
Batting: RHB Loren Stallings 0-0: Ball
1-0: Called Strike
1-1: SINGLE (Groundball, 6) (infield hit)
Batting: RHB Richard Cutshall 0-0: Foul Ball, location: 2F
0-1: Swinging Strike
0-2: Ball
1-2: Strikes out looking
Batting: LHB Vicente Gonzáles 0-0: Ball
1-0: Ball
2-0: Reached on error, E5 (Groundball, 25)
Loren Stallings to third
Pitching: RHP Jorge Garza
Batting: SHB Jasper Morrison 0-0: Called Strike
0-1: Ball
1-1: DOUBLE (Flyball, 89D)
Loren Stallings scores
Vicente Gonzáles scores
Batting: RHB Michael Brannon 0-0: Fly out, F7 (Flyball, 7S)
Batting: RHB Rafael Arredondo 0-0: Called Strike
0-1: Reached via error on a dropped throw, E3
Jasper Morrison to third
Batting: RHB Gary Chalmers 0-0: Ball
1-0: Ball
2-0: SINGLE (Groundball, 56D)
Jasper Morrison scores
Rafael Arredondo to second
Batting: RHB Steve Bock 0-0: Called Strike
0-1: Called Strike
0-2: Ball
1-2: Ball
2-2: Ball
3-2: Strikes out swinging, 2-3 out at first.
Top of the 8th over - 3 runs, 3 hits, 2 errors, 2 left on base; Port Royal 4 - Alaskan 3
BOTTOM OF THE 8TH
Alaskan Humpbacks batting - Pitching for Port Royal Disaster : RHP Miguel Hernández
Now at C: Aurelio Jiménez
Now at 3B: Ryan Faulkner
Batting: LHB Kanko Umaba 0-0: Ball
1-0: Foul Ball, location: 2F
1-1: SINGLE (Flyball, 7S)
Pitching: RHP Jamel Rhoads
Batting: RHB Sigi Lang 0-0: Ball
1-0: Called Strike
1-1: Foul Ball, location: 2F
1-2: Strikes out looking
Batting: RHB Jimbob Ghostkeeper 0-0: Foul Ball, location: 2F
0-1: Ball
1-1: Foul Ball, location: 2F
1-2: Fly out, F8 (Line Drive, 8LD)
Batting: RHB Doug Allerdale 0-0: Ball
1-0: Called Strike
1-1: Foul Ball, location: 2F
1-2: Ball
2-2: Ball
3-2: Strikes out swinging
Bottom of the 8th over - 0 runs, 1 hit, 0 errors, 1 left on base; Port Royal 4 - Alaskan 3
TOP OF THE 9TH
Port Royal Disaster batting - Pitching for Alaskan Humpbacks : RHP Jorge Garza
Batting: RHB Wes Shannon 0-0: Foul Ball, location: 2F
0-1: Ball
1-1: Foul Ball, location: 2F
1-2: Ball
2-2: Ball
3-2: Base on Balls
Batting: RHB Loren Stallings 0-0: Bunt missed!
0-1: Bunted foul
0-2: Grounds into double play, 6-4-3 (Groundball, 56D)
Batting: RHB Richard Cutshall 0-0: Ball
1-0: Foul Ball, location: 2F
1-1: Ball
2-1: Foul Ball, location: 2F
2-2: Strikes out swinging
Top of the 9th over - 0 runs, 0 hits, 0 errors, 0 left on base; Port Royal 4 - Alaskan 3
BOTTOM OF THE 9TH
Alaskan Humpbacks batting - Pitching for Port Royal Disaster : RHP Jamel Rhoads
Pitching: LHP Paco Salazar
Pinch Hitting: RHB Lee Suárez 0-0: Ball
1-0: Ball
2-0: Ground out 1-3 (Groundball, P)
Batting: RHB Erik Sterk 0-0: Ball
1-0: Foul Ball, location: 2F
1-1: Swinging Strike
1-2: Strikes out swinging
Batting: LHB Dallas Ihde 0-0: Ball
1-0: Ball
2-0: Ball
3-0: Swinging Strike
3-1: Base on Balls
Batting: RHB Jorge Flores 0-0: Ball
1-0: Ball
2-0: Ball
3-0: Called Strike
3-1: Foul Ball, location: 2F
3-2: Base on Balls
Dallas Ihde to second
Batting: RHB Jesús Torres 0-0: Ball
1-0: Swinging Strike
1-1: Swinging Strike
1-2: Fielders Choice at 2nd, 6-4 (Groundball, 6)
Bottom of the 9th over - 0 runs, 0 hits, 0 errors, 2 left on base; Port Royal 4 - Alaskan 3
Saturday, December 22nd, 2018 - OOTP Baseball 18.8 Build 76